Map: [ESL] Moondance

Players

Clem - Winner!

  • Race: Terran Terran
  • Spawn Location: 12:00

Creator

  • Race: Protoss Protoss
  • Spawn Location: 6:00

Event: DreamHack SC2 Masters 2022 Atlanta (Offline)

VOD

Have the link to the VOD?

Description

Time

  • Played on: Nov. 18, 2022, 6:19 p.m.
  • Length: 10:59

All games in this series

Show
View Real Time Build Order
Export as new Build Order

Clem Terran - Winner!

Build Orders: Cyclone Opening 

Get SALT Encoding   

  12  0:00  SCV  
  13  0:12  SCV  
  14  0:16  Supply Depot  
  14  0:24  SCV  
  14  0:27  Refinery  
  15  0:38  SCV  
  16  0:45  Barracks  
  16  0:50  SCV  
  17  1:02  SCV  
  18  1:05  Engineering Bay  
  18  1:14  SCV  
  19  1:33  Marine, Orbital Command  
  19  1:34  Factory  
  19  1:39  Supply Depot  
  20  1:53  Barracks Reactor  
  20  1:59  SCV  
  21  2:11  SCV  
  22  2:17  Command Center  
  22  2:20  Factory Tech Lab  
  22  2:25  SCV  
  22  2:29  Marine x2  
  25  2:35  Supply Depot  
  25  2:41  Cyclone  
  25  2:43  SCV  
  29  2:46  Marine  
  29  2:47  Marine  
  31  2:56  SCV  
  32  2:59  Barracks  
  32  3:06  Refinery  
  32  3:07  Marine  
  32  3:09  Marine  
  34  3:13  SCV  
  35  3:20  Cyclone  
  35  3:25  SCV  
  39  3:28  Marine x2  
  41  3:35  Supply Depot  
  41  3:38  SCV  
  42  3:46  Marine  
  42  3:47  Barracks Tech Lab  
  42  3:50  SCV, Marine  
  41  3:56  Orbital Command  
  41  4:01  Cyclone  
  44  4:04  Marine  
  44  4:05  SCV  
  45  4:10  Stimpack  
  45  4:13  Marine  
  45  4:14  Marine  
  45  4:22  Marine  
  46  4:24  SCV  
  46  4:30  Marine  
  45  4:32  Barracks, Marine  
  45  4:35  SCV  
  45  4:36  SCV  
  47  4:40  Marine  
  45  4:46  Engineering Bay  
  45  4:47  SCV  
  45  4:48  Marine  
  45  4:50  Marine  
  48  4:53  SCV, Starport  
  48  4:57  Factory Reactor  
  48  4:58  Marine  
  48  4:59  SCV  
  51  5:05  SCV  
  51  5:06  Supply Depot, Marine  
  53  5:08  Marine  
  53  5:11  SCV  
  53  5:12  Terran Infantry Weapons Level 1  
  55  5:15  Marine  
  55  5:18  SCV  
  57  5:23  Supply Depot, SCV  
  57  5:24  Marine  
  57  5:25  Refinery  
  57  5:27  Combat Shield  
  57  5:28  Marine  
  60  5:29  Marine  
  60  5:31  SCV  
  60  5:35  Refinery  
  62  5:36  Marine  
  62  5:38  SCV  
  64  5:43  Medivac  
  64  5:44  SCV, Medivac  
  64  5:45  Marine  
  64  5:49  Supply Depot, Marine  
  71  5:50  SCV, Marine  
  71  5:56  SCV  
  74  5:59  Missile Turret  
  74  6:02  SCV  
  74  6:03  Missile Turret  
  75  6:04  Supply Depot  
  75  6:05  Marine  
  75  6:07  Factory Reactor  
  75  6:08  SCV  
  75  6:14  SCV  
  75  6:16  Marauder  
  76  6:20  SCV, Marauder  
  79  6:32  SCV  
  80  6:33  Command Center  
  80  6:38  Supply Depot  
  80  6:41  Marauder  
  80  6:42  SCV  
  80  6:44  SCV  
  84  6:49  Barracks  
  84  6:51  Barracks  
  84  6:56  Widow Mine x2  
  84  6:57  Marine  
  84  6:58  SCV, Marine  
  91  7:03  Marauder  
  91  7:06  Marauder  
  91  7:07  SCV  
  96  7:11  Supply Depot  
  87  7:16  Marine  
  87  7:18  SCV  
  87  7:19  SCV  
  87  7:20  Widow Mine  
  87  7:22  Widow Mine  
  86  7:24  Medivac, Marauder  
  86  7:27  Marauder  
  86  7:28  Terran Infantry Armor Level 1  
  86  7:29  Medivac  
  94  7:32  SCV  
  94  7:33  SCV  
  96  7:37  Marine  
  96  7:38  Marine  
  96  7:39  Barracks Reactor, Concussive Shells, Barracks Tech Lab  
  98  7:44  SCV  
  98  7:45  Missile Turret  
  98  7:48  Orbital Command  
  98  7:50  SCV  
  98  7:51  Marauder  
  102  7:54  Supply Depot  
  102  7:55  Widow Mine  
  102  7:56  Widow Mine  
  102  7:58  SCV  
  107  8:01  Marauder  
  107  8:02  SCV  
  107  8:04  Marauder  
  107  8:05  Marine  
  112  8:06  Marine  
  112  8:10  Supply Depot, SCV  
  115  8:13  Marauder  
  115  8:15  SCV x2  
  115  8:17  Medivac  
  115  8:18  Medivac  
  122  8:20  Widow Mine  
  122  8:22  Widow Mine  
  122  8:25  Ghost Academy, SCV  
  127  8:29  Refinery  
  127  8:30  Marauder  
  127  8:31  Marauder  
  127  8:32  Marine x2  
  127  8:33  Marine  
  134  8:34  Marine  
  134  8:37  Marauder  
  134  8:39  Supply Depot  
  136  8:48  Command Center  
  136  8:51  Widow Mine x2  
  136  8:55  Armory  
  140  8:56  Engineering Bay  
  140  9:00  Ghost  
  140  9:01  Ghost  
  144  9:08  Ghost  
  145  9:12  Medivac x2  
  148  9:17  Supply Depot  
  148  9:20  Marine  
  148  9:21  Supply Depot, Widow Mine x2  
  148  9:23  Marine  
  148  9:24  Marine x2  
  154  9:28  Ghost  
  157  9:36  Marine  
  157  9:37  Marine  
  157  9:38  Marine  
  152  9:41  Supply Depot, Marine  
  151  9:46  Viking x2  
  151  9:51  Widow Mine x2  
  159  9:53  Ghost  
  159  9:55  Supply Depot, Marauder  
  162  10:01  Ghost  
  164  10:12  Widow Mine  
  164  10:13  Marine x2  
  164  10:14  Marine  
  165  10:16  Ghost  
  164  10:25  Medivac x2, Widow Mine  
  164  10:26  Marine  
  151  10:34  Marine x3  
  137  10:36  Marauder  
  129  10:46  Barracks  
  129  10:47  Barracks  
  129  10:48  Barracks  
Show
View Real Time Build Order
Export as new Build Order

Creator Protoss 

Build Orders: 1 Gate Expand, Phoenix Opening 

Get SALT Encoding   

  12  0:00  Probe  
  13  0:12  Probe  
  14  0:16  Pylon  
  14  0:24  Probe (Chrono Boost)  
  16  0:36  Probe (Chrono Boost)  
  16  0:37  Gateway  
  16  0:43  Probe (Chrono Boost)  
  16  0:45  Assimilator  
  17  0:51  Probe  
  18  1:03  Probe  
  19  1:15  Probe  
  20  1:26  Cybernetics Core  
  20  1:39  Nexus  
  20  1:46  Pylon  
  20  1:50  Probe  
  21  1:55  Assimilator  
  21  2:02  Adept (Chrono Boost), Probe  
  24  2:14  Probe  
  25  2:22  Adept (Chrono Boost)  
  25  2:26  Probe  
  28  2:33  Stargate  
  28  2:38  Probe  
  28  2:42  Warp Gate  
  29  2:47  Adept  
  29  2:51  Probe x2  
  33  3:03  Probe x2  
  35  3:16  Phoenix (Chrono Boost)  
  35  3:18  Probe x2  
  39  3:29  Pylon  
  39  3:30  Probe x2  
  39  3:32  Adept, Phoenix (Chrono Boost)  
  43  3:48  Probe  
  43  3:49  Probe  
  43  3:55  Phoenix (Chrono Boost)  
  43  3:58  Pylon  
  43  4:01  Probe x2  
  45  4:13  Probe x2  
  45  4:15  Phoenix (Chrono Boost)  
  47  4:18  Gateway  
  45  4:25  Shield Battery  
  45  4:27  Probe x2  
  45  4:31  Stalker  
  48  4:37  Phoenix  
  49  4:41  Probe (Chrono Boost)  
  48  4:45  Probe (Chrono Boost)  
  48  4:52  Probe (Chrono Boost)  
  49  4:55  Probe (Chrono Boost)  
  49  4:56  Probe (Chrono Boost)  
  51  5:04  Nexus  
  51  5:05  Probe  
  51  5:06  Pylon  
  52  5:07  Probe  
  52  5:09  Sentry  
  55  5:14  Zealot  
  55  5:17  Twilight Council  
  55  5:20  Probe  
  58  5:22  Pylon  
  58  5:23  Probe  
  59  5:31  Gateway  
  59  5:32  Probe  
  60  5:35  Probe  
  60  5:37  Assimilator  
  60  5:38  Phoenix  
  60  5:42  Adept  
  65  5:44  Zealot  
  65  5:46  Charge (Chrono Boost), Probe  
  65  5:48  Probe  
  69  5:55  Assimilator  
  69  5:58  Probe  
  69  6:00  Probe  
  69  6:01  Phoenix  
  71  6:07  Shield Battery  
  71  6:13  Phoenix (Chrono Boost)  
  71  6:17  Probe x3  
  76  6:18  Zealot x2  
  76  6:23  Gateway  
  80  6:29  Gateway  
  80  6:34  Sentry, Gateway  
  80  6:35  Phoenix (Chrono Boost)  
  84  6:42  Zealot x2, Pylon  
  84  6:46  Probe  
  84  6:47  Probe x2  
  91  6:53  Pylon  
  92  7:02  Zealot  
  92  7:03  Zealot x2  
  92  7:05  Probe x3  
  92  7:22  Probe x3  
  93  7:23  Assimilator, Pylon x2  
  93  7:26  Phoenix (Chrono Boost)  
  93  7:27  Assimilator  
  93  7:28  Zealot x2  
  97  7:37  Templar Archives  
  97  7:38  Gateway  
  97  7:41  Gateway  
  97  7:43  Probe (Chrono Boost)  
  100  7:47  Probe (Chrono Boost)  
  100  7:48  Probe (Chrono Boost)  
  100  7:49  Phoenix (Chrono Boost)  
  102  7:54  Zealot, Sentry  
  102  7:55  Probe (Chrono Boost)  
  102  7:56  Probe (Chrono Boost), Psionic Storm  
  102  7:57  Probe (Chrono Boost)  
  102  7:58  Shield Battery  
  109  8:01  Zealot  
  109  8:02  Zealot  
  113  8:07  Probe  
  113  8:10  Pylon  
  113  8:11  Pylon  
  114  8:13  Forge  
  114  8:14  High Templar  
  116  8:25  Pylon  
  116  8:28  Pylon  
  116  8:30  Pylon  
  116  8:31  Pylon  
  116  8:34  High Templar x2  
  116  8:38  Zealot x2  
  116  8:39  Protoss Ground Weapons Level 1 (Chrono Boost), Zealot  
  126  8:46  Gateway  
  126  8:56  Nexus  
  126  8:58  Probe x3  
  126  9:01  Zealot, High Templar x2  
  135  9:08  Robotics Facility  
  135  9:12  Archon  
  135  9:14  Zealot  
  135  9:15  Zealot x3  
  143  9:18  Zealot  
  143  9:23  Zealot  
  147  9:25  Probe x3  
  144  9:37  Probe  
  137  9:41  Probe x2  
  137  9:43  Pylon  
  137  9:44  High Templar x3  
  137  9:45  High Templar  
  145  9:49  Probe  
  145  9:50  Photon Cannon  
  145  9:52  Zealot x3  
  152  9:56  Observer (Chrono Boost)  
  152  9:59  Pylon  
  153  10:00  Robotics Bay  
  153  10:01  Zealot  
  155  10:07  Archon  
  147  10:15  Zealot x4  
  147  10:19  Zealot x3  
  141  10:24  Archon  
  141  10:26  Zealot x2  
  112  10:31  Archon  
  96  10:38  Zealot x4  
  96  10:39  Stalker x2  
  96  10:40  Stalker  
  98  10:49  Zealot x2  
Tags
 
Add a new tag
Caveats
  • Supply blocks, unpowered buildings, or Contaminate may cause inaccurate times.
  • Supply counts are checked every 10 seconds.